Map: Blueshift LE

Players

Lambo - Winner!

  • Race: Zerg Zerg
  • League: Grandmaster
  • Spawn Location: 1:00

Harstem

  • Race: Protoss Protoss
  • League: Grandmaster
  • Spawn Location: 7:00

VOD

Have the link to the VOD?

Description

Time

  • Played on: Dec. 19, 2018, 11:27 a.m.
  • Length: 6:44
Show
View Real Time Build Order
Export as new Build Order

Lambo Zerg - Winner!

Build Orders: Hatch First 

Get SALT Encoding   

  12  0:01  Drone  
  13  0:13  Overlord  
  13  0:18  Drone  
  14  0:32  Drone x2  
  16  0:48  Hatchery  
  15  0:51  Drone  
  15  0:56  Drone  
  17  1:00  Drone  
  18  1:10  Extractor  
  17  1:15  Spawning Pool  
  17  1:16  Drone  
  17  1:19  Drone  
  18  1:30  Drone  
  19  1:40  Drone  
  20  1:51  Drone  
  21  2:02  Queen x2  
  21  2:03  Zergling x2  
  21  2:04  Overlord  
  26  2:13  Drone x2  
  26  2:14  Metabolic Boost  
  28  2:29  Drone x2  
  30  2:34  Hatchery  
  30  2:35  Drone  
  30  2:37  Drone  
  30  2:43  Drone  
  32  2:44  Overlord  
  32  2:51  Queen  
  32  2:55  Drone  
  35  3:00  Drone  
  35  3:04  Drone  
  37  3:10  Drone x2  
  37  3:11  Zergling x4  
  37  3:12  Overlord  
  41  3:15  Drone x2  
  41  3:19  Overlord  
  43  3:25  Spore Crawler  
  42  3:29  Queen  
  42  3:32  Zergling x2  
  45  3:34  Drone  
  45  3:35  Spore Crawler  
  45  3:38  Drone x2  
  45  3:40  Overlord  
  47  3:46  Drone x2  
  49  3:49  Drone  
  49  3:50  Drone  
  51  3:55  Queen  
  51  4:00  Roach Warren  
  51  4:02  Extractor  
  51  4:03  Extractor, Drone  
  51  4:05  Drone  
  51  4:07  Drone  
  51  4:09  Drone  
  53  4:15  Overlord  
  53  4:17  Drone x3  
  56  4:18  Drone  
  56  4:22  Overlord  
  57  4:29  Overlord  
  57  4:42  Overlord  
  57  4:45  Roach x6  
  65  4:49  Roach x2  
  65  4:52  Roach  
  71  4:54  Roach  
  71  4:58  Roach  
  74  5:06  Roach  
  76  5:10  Ravager x3  
  76  5:11  Overlord  
  76  5:12  Zergling x6  
  82  5:15  Ravager  
  82  5:16  Zergling x4  
  82  5:18  Zergling x2  
  86  5:23  Zergling x6  
  86  5:24  Ravager  
  86  5:27  Overlord  
  91  5:28  Zergling x2  
  91  5:31  Ravager  
  91  5:32  Zergling x2  
  91  5:33  Zergling x2  
  91  5:35  Zergling x2  
  95  5:39  Zergling x4  
  96  5:44  Zergling x6  
  96  5:45  Ravager  
  100  5:50  Zergling x6  
  100  5:52  Ravager  
  103  5:58  Zergling x8  
  103  6:03  Zergling x6  
  102  6:09  Zergling x2  
  102  6:18  Zergling x4  
  99  6:37  Ravager x3  
  99  6:38  Ravager  
Show
View Real Time Build Order
Export as new Build Order

Harstem Protoss 

Build Orders: 1 Gate Expand, Oracle Opening, Zealot Archon 

Get SALT Encoding   

  12  0:03  Probe  
  13  0:15  Probe  
  13  0:19  Pylon  
  14  0:26  Probe  
  15  0:34  Probe  
  15  0:38  Gateway  
  15  0:42  Probe  
  16  0:47  Assimilator  
  17  0:53  Probe  
  18  1:05  Probe  
  19  1:17  Probe  
  20  1:24  Nexus  
  20  1:34  Cybernetics Core  
  20  1:37  Probe  
  21  1:48  Assimilator  
  21  1:49  Probe  
  21  1:53  Pylon  
  22  2:01  Probe  
  22  2:02  Adept  
  23  2:13  Probe  
  26  2:20  Stargate  
  26  2:23  Probe  
  26  2:28  Adept  
  29  2:32  Probe  
  29  2:34  Warp Gate  
  30  2:38  Probe  
  30  2:40  Probe  
  32  2:50  Probe  
  33  2:52  Probe  
  33  2:58  Stalker  
  36  3:01  Oracle  
  36  3:02  Probe  
  36  3:04  Probe  
  41  3:14  Probe  
  41  3:16  Probe, Pylon  
  43  3:26  Probe  
  44  3:28  Oracle, Probe, Gateway  
  45  3:38  Probe  
  45  3:40  Probe  
  50  3:42  Assimilator  
  50  3:47  Assimilator  
  50  3:50  Probe, Pylon  
  50  3:52  Probe  
  52  3:58  Robotics Facility  
  52  4:03  Probe  
  52  4:04  Probe  
  52  4:09  Pylon  
  54  4:16  Twilight Council  
  55  4:17  Gateway  
  55  4:19  Gateway  
  55  4:21  Probe  
  55  4:23  Probe  
  56  4:28  Pylon  
  56  4:34  Pylon  
  56  4:35  Warp Prism  
  56  4:47  Probe  
  59  4:53  Templar Archives  
  59  5:07  Nexus, Probe x2  
  59  5:10  Pylon  
  61  5:16  Immortal  
  61  5:19  Probe, Forge  
  62  5:23  Pylon  
  67  5:30  High Templar x2  
  67  5:34  Sentry, Zealot  
  74  5:38  Archon  
  74  5:40  Shield Battery  
  74  5:44  Shield Battery  
  74  5:46  Immortal  
  74  5:53  Shield Battery  
  76  5:57  Pylon  
  76  6:02  Zealot x3  
  70  6:12  Probe  
  66  6:25  Zealot x2  
  58  6:30  Probe  
Tags
 
Add a new tag
Caveats
  • Supply blocks, unpowered buildings, or Contaminate may cause inaccurate times.
  • Supply counts are checked every 10 seconds.